 Dungeon Crawl Stone Soup version 0.24.0-125-gc4c63601f3 (webtiles) character file.

Game seed: 13316048390030369914, levelgen mode: deterministic

549 Frank2 the Cudgeler (level 7, -11/52 HPs)
             Began as a Demonspawn Gladiator on Mar 4, 2020.
             Mangled by an ogre
             ... wielding a +0 giant club
              (21 damage)
             ... on level 4 of the Dungeon.
             The game lasted 00:08:31 (3817 turns).

Frank2 the Cudgeler (Demonspawn Gladiator)          Turns: 3817, Time: 00:08:31

Health: -11/52     AC: 18    Str: 15    XL:     7   Next: 7%
Magic:  7/7        EV: 11    Int:  9    God:
Gold:   251        SH:  0    Dex: 16    Spells: 6/6 levels left

rFire    . . .     SeeInvis .   a - +0 flail
rCold    . . .     Gourm    .   (no shield)
rNeg     . . .     Faith    .   b - +0 scale mail
rPois    .         Spirit   .   c - +0 helmet
rElec    .         Reflect  .   (no cloak)
rCorr    .         Harm     .   (no gloves)
MR       .....                  (no boots)
Stlth    ..........             (no amulet)
HPRegen  0.17/turn              g - +5 ring of protection
MPRegen  0.10/turn              (no ring)

@: sanguine armour
A: claws 1, powered by pain 1, rot immunity, sanguine armour 1
a: no special abilities


You were on level 4 of the Dungeon.
You were not hungry.

You visited 1 branch of the dungeon, and saw 4 of its levels.

You collected 251 gold pieces.

Inventory:

Hand Weapons
 a - a +0 flail (weapon)
Armour
 b - a +0 scale mail (worn)
 c - a +0 helmet (worn)
 k - the +10 large shield of Ignorance {rN+ Int-4}
   (You found it on level 4 of the Dungeon)

   It affects your intelligence (-4).
   It protects you from negative energy.
 o - a +0 pair of boots
Jewellery
 g - a +5 ring of protection (left claw)
Scrolls
 e - a scroll of remove curse
Potions
 h - a potion of mutation {unknown}
 i - 2 potions of berserk rage {unknown}
 j - a potion of degeneration {unknown}
 l - a potion of might {unknown}
 m - a potion of cancellation {unknown}
 n - a potion of curing {unknown}
Comestibles
 f - 8 rations


   Skills:
 + Level 3.4 Fighting
 + Level 5.4 Maces & Flails
 - Level 1.7 Throwing
 + Level 2.3 Armour
 + Level 4.2 Dodging


You had 6 spell levels left.
You didn't know any spells.
Your spell library was empty.

Dungeon Overview and Level Annotations

Branches:
Dungeon (4/15)
 Temple: D:4-7

Altars:
Cheibriados
Zin
The Shining One

Annotations:
D:3 Natasha


Innate Abilities, Weirdness & Mutations

You have sharp fingernails.
You sometimes gain a little power by taking damage.
You are immune to rotting.
When seriously injured, your bleeding wounds create armour. (AC +6)


Message History

You completely miss the ogre.
The ogre is lightly wounded.
You hit the ogre.
The ogre is moderately wounded.
The ogre hits you with a +0 giant club!!
* * * LOW HITPOINT WARNING * * *
Your blood congeals into armour.
You are too injured to fight recklessly!
You are too injured to fight recklessly!
You are too injured to fight recklessly!
You feel much better.
The ogre hits you with a +0 giant club!!
* * * LOW HITPOINT WARNING * * *
You hit the ogre.
The ogre is heavily wounded.
The ogre closely misses you.
You thump the ogre!
The ogre is almost dead.
The ogre hits you with a +0 giant club!!
You die...

##.#....##.# #.#.#######
##..#....##.# #.#.#.=)...
##..###...##.#####.#...#####
##..##.##...#.W......#..#####
##..##...##..##########.....##
###..##..#..'#..### #.......#.##
##...##..#.#.O##...###.###.#.# ##
...### .#._.#. ###...#.# #..... #
.#...##..#.#..##@O.#...# .......+
.###..##..#..##...####.#.##.#####
.####..##...##..#.# #.#.# ..
........## ##..##.# #.#.# #.## #
#####.#..###...##.####.#.# ..#..
#.##..#....##....#.#.####.#..
#.###.#....#.###.#)#.........
#.###...<........#.#.........
#......#.#.#.....#.#.....#...


You could see an ogre.

Vanquished Creatures
  2 ogres (D:4)
  A centaur skeleton (D:4)
  2 orc priests (D:3)
  A bullfrog skeleton (D:2)
  Terence (D:2)
  Natasha (D:3)
  An iguana (D:4)
  A worker ant (D:4)
  5 adders
  6 worms
  3 dart slugs
  4 leopard geckos
  15 orcs
  4 giant cockroaches
  7 goblins
  9 hobgoblins
  8 jackals
  A quokka (D:4)
  A ball python (D:1)
  6 bats
  6 frilled lizards
  4 kobolds
  6 rats
95 creatures vanquished.

Notes
Turn   | Place    | Note
-------+----------+-------------------------------------------
     0 | D:1      | Frank2 the Demonspawn Gladiator began the quest for the
                  | Orb.
     0 | D:1      | Reached XP level 1. HP: 16/16 MP: 1/1
   219 | D:1      | Gained mutation: You are immune to rotting. [demonic
                  | ancestry]
   219 | D:1      | Reached XP level 2. HP: 20/22 MP: 2/2
   392 | D:1      | Reached skill level 3 in Maces & Flails
   828 | D:2      | Gained mutation: When seriously injured, your bleeding
                  | wounds create armour. (AC +6) [demonic ancestry]
   828 | D:2      | Reached XP level 3. HP: 8/27 MP: 3/3
  1097 | D:2      | Reached skill level 1 in Armour
  1097 | D:2      | Gained mutation: You have sharp fingernails. [demonic
                  | ancestry]
  1097 | D:2      | Reached XP level 4. HP: 12/34 MP: 4/4
  1661 | D:2      | Noticed Terence
  1685 | D:2      | Killed Terence
  1685 | D:2      | Reached skill level 4 in Maces & Flails
  1685 | D:2      | Gained mutation: You sometimes gain a little power by
                  | taking damage. [demonic ancestry]
  1685 | D:2      | Reached XP level 5. HP: 32/39 MP: 5/5
  1869 | D:3      | Noticed Natasha
  1882 | D:3      | Killed Natasha
  1916 | D:3      | Noticed an orc warrior
  2693 | D:3      | Found a glowing silver altar of Zin.
  2800 | D:3      | Noticed Natasha
  2837 | D:4      | Found the +10 large shield of Ignorance {rN+ Int-4}
  3116 | D:4      | Found a glowing golden altar of the Shining One.
  3136 | D:4      | Reached XP level 6. HP: 41/46 MP: 6/6
  3302 | D:3      | Reached skill level 5 in Maces & Flails
  3637 | D:4      | Found a snail-covered altar of Cheibriados.
  3652 | D:4      | Reached XP level 7. HP: 23/52 MP: 7/7
  3817 | D:4      | Mangled by an ogre

Levels and vault maps discovered:
D:1:      giann_forest_graveyard, layout_basic, minmay_misc_feat_rows
D:2:      layout_basic, uniq_terence
D:3:      layout_rooms, zin_treasury, uniq_natasha
D:4:      layout_basic, kennysheep_slug_shrine, nicolae_overflow_hidden_temple,
          first_ration, tso_metal_star

Skill      XL: |  1  2  3  4  5  6 |
---------------+-------------------+-----
Dodging        | 3 4 |  4.2
Maces & Flails | 3 4 5 |  5.4
Armour         | 1 2 |  2.3
Fighting       | 3 |  3.4
Throwing       | |  1.7

Action                   |  1- 3 |  4- 6 |  7- 9 || total
-------------------------+-------+-------+-------++-------
Melee: Flail             |   107 |   344 |     6 ||   457
Throw: Throwing net      |     3 |     6 |       ||     9
  Use: Scroll            |     1 |     4 |       ||     5
       Potion            |     1 |       |     1 ||     2
 Stab: Held in net/web   |     1 |     3 |       ||     4
  Eat: Chunk             |       |     8 |     2 ||    10
Armor: Leather armour    |    32 |   101 |       ||   133
       Scale mail        |       |   127 |       ||   127
Dodge: Dodged            |    68 |   318 |     2 ||   388
